 Dungeon Crawl Stone Soup version 0.27.1-2-g3b301248ec (webtiles) character file.

Game seed: 10230802427383641045

32379 MajorAdolf the Covert (level 13, -2/114 HPs)
             Began as a Naga Wanderer on Sept 30, 2021.
             Was a High Priest of Vehumet.
             Slain by a seven-headed hydra (6 damage)
             ... while petrified by a basilisk
             ... on level 12 of the Dungeon.
             The game lasted 00:36:17 (26260 turns).

MajorAdolf the Covert (Naga Wanderer)              Turns: 26260, Time: 00:36:17

Health: -2/114     AC: 11    Str: 15    XL:     13   Next: 64%
Magic:  35/35      EV:  1    Int: 25    God:    Vehumet [*****.]
Gold:   139        SH:  0    Dex:  9    Spells: 18/31 levels left

rFire    + . .     SeeInvis +   E - +2 whip (elec)
rCold    . . .     Faith    .   D - +0 tower shield
rNeg     + + +     Spirit   .   T - +0 acid dragon scales
rPois    ∞         Reflect  .   q - +0 helmet
rElec    +         Harm     .   z - +0 cloak
rCorr    +         Rampage  .   h - +1 pair of gloves {Stlth+}
Will     +....                  (no barding)
Stlth    +++++.....             a - amulet of the Tempest {RegenMP rElec rF+ rN+ Slay+2}
HPRegen  0.29/turn              v - +6 ring of intelligence
MPRegen  0.49/turn              b - ring of magical power

@: petrified, very slow
A: AC +4, large, see invisible, deformed body, poison resistance, slowness 2,
spit poison 1, naga tail 2
a: Spit Poison, Renounce Religion


You were on level 12 of the Dungeon.
You worshipped Vehumet.
Vehumet was extremely pleased with you.
You visited 3 branches of the dungeon, and saw 16 of its levels.

You collected 912 gold pieces.
You spent 773 gold pieces at shops.

Inventory:

Hand Weapons
 B - a +0 long sword of electrocution
 E - a +2 whip of electrocution (weapon)
 F - a +0 whip
 Q - the +8 mithril axe "Arga" {speed, Will+}
   (You found it on level 1 of the Lair of Beasts)

   Attacks with this weapon are significantly faster.
   Will:      It increases your willpower.
Missiles
 e - 651 stones
 g - 7 boomerangs
 u - 6 curare-tipped darts
 K - 7 throwing nets
Armour
 h - a +1 pair of gloves of stealth (worn)
 q - a +0 helmet (worn)
 z - a +0 cloak (worn)
 D - a +0 tower shield (worn)
 T - +0 acid dragon scales (worn)
Magical Staves
 i - a staff of death
Jewellery
 a - the amulet of the Tempest (around neck) {RegenMP rElec rF+ rN+ Slay+2}
   (You acquired it on level 4 of the Dungeon)

   [amulet of magic regeneration]

   It increases your rate of magic regeneration.
   Slay:      It affects your accuracy & damage with ranged weapons and melee
   (+2).
   rF:        It protects you from fire.
   rElec:     It insulates you from electricity.
   rN:        It protects you from negative energy.
 b - a ring of magical power (right hand)
 v - a +6 ring of intelligence (left hand)
 y - a ring of willpower
 A - a ring of willpower
 H - the ring "Yfe Rah" {rN++ Will+}
   (You took it off an orc warrior on level 9 of the Dungeon)

   [ring of willpower]

   rN:        It greatly protects you from negative energy.
   Will:      It increases your willpower.
 N - a ring of protection from cold
 S - a +4 ring of evasion
Wands
 o - a wand of mindburst (27)
 r - a wand of paralysis (23)
 L - a wand of charming (8)
 R - a wand of acid (7)
 W - a wand of flame (4)
Scrolls
 j - 8 scrolls of teleportation
 k - a scroll of brand weapon {unknown}
 l - 3 scrolls of magic mapping
 p - 3 scrolls of immolation
 s - 3 scrolls of fog
 x - 4 scrolls of amnesia
 M - a scroll of fear
 P - a scroll of enchant weapon
 U - 2 scrolls of identify
Potions
 c - 2 potions of brilliance {unknown}
 d - 3 potions of resistance {unknown}
 f - 5 potions of curing
 m - 2 potions of attraction {unknown}
 n - a potion of cancellation {unknown}
 t - a potion of ambrosia {unknown}
 w - a potion of berserk rage {unknown}
 G - 6 potions of flight {unknown}
 I - a potion of mutation {unknown}
 V - a potion of might {unknown}
Miscellaneous
 O - a piece from Xom's chessboard (15/15)


   Skills:
 + Level 6.7 Fighting
 - Level 4.0 Short Blades
 - Level 1.0 Dodging
 - Level 10.0 Stealth
 + Level 9.5 Shields
 + Level 9.8 Spellcasting
 + Level 8.9 Conjurations
 + Level 3.1 Hexes
 - Level 2.0 Transmutations
 + Level 4.2 Fire Magic
 - Level 1.0 Air Magic
 - Level 10.0 Earth Magic


You had 18 spell levels left.
You knew the following spells:

 Your Spells              Type           Power      Damage    Failure   Level
a - Sandblast             Erth           100%       2d20      1%          1
b - Stone Arrow           Conj/Erth      100%       3d13      1%          3
c - Bolt of Magma         Conj/Fire/Erth 25%        4d12      7%          5
d - Fulminant Prism       Conj/Hex       21%        3d13      5%          4

Your spell library contained the following spells:

 Spells                   Type           Power      Damage    Failure   Level
 Conjure Ball Lightning   Conj/Air       18%        3x3d6     71%         6
 Magic Dart               Conj           100%       1d8       1%          1
 Shock                    Conj/Air       100%       1d9       1%          1
 Searing Ray              Conj           100%       3d7       1%          2
 Passwall                 Tmut/Erth      35%        N/A       3%          2
 Corona                   Hex            30%        N/A       7%          1
 Leda's Liquefaction      Hex/Erth       22%        N/A       16%         4
 Frozen Ramparts          Ice            24%        1d4       17%         3
 Irradiate                Conj/Tmut      19%        3d20      17%         5
 Petrify                  Tmut/Erth      42%        N/A       19%         4
 Apportation              Tloc           24%        N/A       24%         1
 Portal Projectile        Hex/Tloc       40%        N/A       36%         3
 Airstrike                Air            8%         N/A       36%         4
 Swiftness                Air            17%        N/A       43%         3
 Call Canine Familiar     Summ           12%        N/A       56%         3
 Ice Form                 Ice/Tmut       17%        N/A       83%         4
 Blade Hands              Tmut           11%        N/A       96%         5
 Metabolic Englaciation   Hex/Ice        10%        N/A       98%         5
 Alistair's Intoxication  Tmut/Pois      11%        N/A       99%         5
 Dispersal                Tloc           6%         N/A       100%        6
 Invisibility             Hex            13%        N/A       100%        6
 Dragon Form              Tmut           11%        N/A       100%        7
 Disjunction              Tloc           6%         N/A       100%        8
 Shatter                  Erth           29%        3d24*     100%        9


Dungeon Overview and Level Annotations

Branches:
Dungeon (12/15)            Temple (1/1) D:4            Lair (3/6) D:10
  Snake (0/4) Lair:3          Orc (0/2) D:11
  Swamp: Lair:2-4    Shoals: Lair:2-4

Altars:
Ashenzari
Cheibriados
Dithmenos
Elyvilon
Fedhas
Gozag
Hepliaklqana
Kikubaaqudgha
Makhleb
Nemelex Xobeh
Okawaru
Qazlal
Ru
Sif Muna
Trog
Uskayaw
Vehumet
Wu Jian
Xom
Yredelemnul
Zin
The Shining One
Jiyva

Shops:
D:1 :   D:11 !*[[

Annotations:
D:5 exclusion: orc warrior
D:7 exclusion: downstairs
D:8 exclusion: 2 downstairs
D:9 exclusion: downstairs
Lair:1 3 runed translucent doors, Nebukadnezar's ghost, journeyman DgVM
Lair:3 Rupert


Innate Abilities, Weirdness & Mutations

Your serpentine skin is tough. (AC +4)
You have supernaturally acute eyesight. (SInv)
Armour fits poorly on your strangely shaped body.
Your system is resistant to poisons. (rPois)
You cover ground very slowly.
You can spit poison.
You can use your snake-like lower body to constrict enemies.


Message History

The two-headed ogre hits you with a +0 giant club!!
The two-headed ogre hits you with a +0 giant spiked club!
The seven-headed hydra bites you but does no damage. x2
The seven-headed hydra bites you. x3
The seven-headed hydra barely misses you.
The seven-headed hydra bites you but does no damage.
A troll comes into view.
The seven-headed hydra completely misses you.
The seven-headed hydra bites you! x2
The seven-headed hydra bites you but does no damage. x2
The seven-headed hydra bites you.
The seven-headed hydra bites you but does no damage.
The seven-headed hydra bites you! x2; The seven-headed hydra bites you.
The seven-headed hydra bites you but does no damage.
The seven-headed hydra bites you. x2; The seven-headed hydra bites you!
The two-headed ogre hits you with a +0 giant club!!
* * * LOW HITPOINT WARNING * * *
The two-headed ogre barely misses you. The ogre mage casts a spell at you.
You easily resist.
The seven-headed hydra bites you!
* * * LOW HITPOINT WARNING * * *
The seven-headed hydra bites you!
* * * LOW HITPOINT WARNING * * *
The seven-headed hydra bites you but does no damage.
The seven-headed hydra bites you. x2
* * * LOW HITPOINT WARNING * * *
The seven-headed hydra bites you but does no damage.
The seven-headed hydra bites you!
* * * LOW HITPOINT WARNING * * *
The two-headed ogre hits you with a +0 giant club.
* * * LOW HITPOINT WARNING * * *
The two-headed ogre hits you with a +0 giant spiked club!
* * * LOW HITPOINT WARNING * * *
The ogre mage hits you but does no damage.
The seven-headed hydra bites you!
* * * LOW HITPOINT WARNING * * *
The seven-headed hydra bites you but does no damage.
The seven-headed hydra bites you!
You die...

#. #..# #.#######..####
#.#..#..#..#.[#
#....#....)...#
#...###......#
#.......)###..D.O. #.
##........# .(... #.#
##.lDO#..# ..#( #.#
#..@O#### .# #.#
##..))#..# # #.#
#.)#.....# #######.#
#.###...###..
......#.#####.###.......#
####.......)....)........
<....#...########.#...#..
# #....## #.#...# # .
#....# ..#...#


You could see a seven-headed hydra, a two-headed ogre, an ogre mage (invisible)
and a basilisk.

Vanquished Creatures
  6 hydras
  A catoblepas (Lair:3)
  Harold (Lair:2)
  A boulder beetle (D:12)
  A centaur warrior (D:9)
  5 two-headed ogres
  3 death yaks (D:10)
  Sonja (D:10)
  A skeletal warrior (D:9)
  Pikel (D:9)
  A deep elf pyromancer (D:12)
  An oklob plant (Lair:1)
  A gargoyle (D:11)
  3 black mambas
  10 cane toads
  Psyche (D:9)
  A rime drake (Lair:3)
  4 komodo dragons
  An unseen horror (D:11)
  A polar bear (Lair:2)
  4 trolls
  A slime creature (D:9)
  A meliai zombie (D:10)
  8 blink frogs
  A shadow (D:11)
  2 wraiths
  21 yaks
  A steam dragon (D:8)
  2 nagas (Lair:3)
  A cane toad zombie (D:9)
  A warg (D:11)
  3 acid dragons
  4 water moccasins
  5 orc warriors
  2 sky beasts
  A black bear (Lair:1)
  A necrophage (D:6)
  4 centaurs
  5 ogres
  A lemure (D:9)
  4 kobold brigands
  6 bullfrogs
  4 scorpions
  A gnoll sergeant (D:9)
  A water moccasin zombie (D:5)
  8 wights
  4 killer bees (D:11)
  An electric eel (D:8)
  A vampire bat (D:3)
  3 centaur zombies
  2 howler monkeys (D:9)
  A bullfrog zombie (D:7)
  3 hounds
  2 jellies
  2 orc priests (D:11)
  2 bullfrog skeletons (D:6)
  A centaur skeleton (D:7)
  3 gnoll shamans
  5 iguanas
  8 orc wizards
  A hell rat (D:10)
  2 killer bee zombies
  A hound skeleton (D:5)
  A howler monkey zombie (D:8)
  24 gnolls
  A howler monkey skeleton (D:7)
  7 adders
  A river rat (D:10)
  A shadow imp (D:5)
  A worm (D:2)
  3 dart slugs
  25 orcs
  12 ball pythons
  9 endoplasms
  2 giant cockroaches
  36 goblins
  26 hobgoblins
  2 jackals (D:4)
  32 kobolds
  7 quokkas
  7 bats
  4 frilled lizards
  8 rats
389 creatures vanquished.

Vanquished Creatures (others)
  23 fulminant prisms
  14 fungi
  13 plants
50 creatures vanquished.

Grand Total: 439 creatures vanquished

Notes
Turn   | Place    | Note
-------+----------+-------------------------------------------
     0 | D:1      | MajorAdolf the Naga Wanderer began the quest for the Orb.
     0 | D:1      | MajorAdolf set off with the following items: a +0 short
                  | sword, a potion of lignification, a +0 robe, a +0 dagger;
                  | and the following spell memorised: Sandblast; and the
                  | following spells available to memorise: Passwall, Stone
                  | Arrow, Petrify
     0 | D:1      | Reached XP level 1. HP: 15/15 MP: 1/1
   265 | D:1      | Reached XP level 2. HP: 22/22 MP: 1/3
   273 | D:1      | Reached skill level 1 in Spellcasting
   376 | D:1      | Found a faded altar of an unknown god.
   447 | D:1      | Reached skill level 1 in Earth Magic
  1083 | D:1      | Found Yrerch's Book Boutique.
  1157 | D:1      | Reached XP level 3. HP: 18/28 MP: 5/5
  1161 | D:1      | Learned a level 3 spell: Stone Arrow
  3280 | D:3      | Reached XP level 4. HP: 36/36 MP: 3/7
  4353 | D:3      | Reached XP level 5. HP: 34/42 MP: 9/9
  5109 | D:4      | Noticed an ogre
  5114 | D:4      | Killed an ogre
  5115 | D:4      | Reached XP level 6. HP: 21/49 MP: 6/11
  5366 | D:4      | Found a staircase to the Ecumenical Temple.
  5381 | Temple   | Entered the Ecumenical Temple
  5447 | Temple   | Became a worshipper of Vehumet
  6231 | D:4      | Reached XP level 7. HP: 55/55 MP: 6/13
  6608 | D:4      | Reached skill level 1 in Conjurations
  6697 | D:5      | Entered Level 5 of the Dungeon
  6892 | D:5      | Found a hazy altar of Hepliaklqana.
  7237 | D:5      | Reached skill level 5 in Spellcasting
  7267 | D:5      | Reached skill level 5 in Earth Magic
  8133 | D:6      | HP: 2/51 [wight (1)]
  8610 | D:6      | Reached XP level 8. HP: 54/62 MP: 3/16
 10472 | D:6      | Reached XP level 9. HP: 68/68 MP: 11/18
 10999 | D:5      | Reached * piety under Vehumet
 10999 | D:5      | Offered knowledge of Freeze by Vehumet.
 11690 | D:5      | Reached ** piety under Vehumet
 11691 | D:5      | Offered knowledge of Foxfire by Vehumet.
 12127 | D:7      | Noticed a troll
 12135 | D:7      | Killed a troll
 12136 | D:7      | Reached skill level 5 in Conjurations
 12746 | D:7      | Found an iron altar of Okawaru.
 12746 | D:7      | Found an ancient bone altar of Kikubaaqudgha.
 13111 | D:7      | Reached skill level 1 in Fighting
 13112 | D:7      | Offered knowledge of Mephitic Cloud by Vehumet.
 13409 | D:7      | Found a blossoming altar of Fedhas.
 14014 | D:8      | Reached skill level 1 in Shields
 14351 | D:7      | Reached *** piety under Vehumet
 14611 | D:8      | Reached XP level 10. HP: 53/78 MP: 8/21
 14774 | D:8      | Found a broken altar of Ashenzari.
 15685 | D:9      | Noticed Psyche
 15688 | D:9      | Killed Psyche
 15689 | D:9      | Reached skill level 5 in Shields
 15693 | D:9      | Noticed a skeletal warrior
 15957 | D:9      | Noticed a six-headed hydra
 15960 | D:9      | Noticed a two-headed ogre
 15962 | D:9      | Killed a six-headed hydra
 16856 | D:9      | Noticed a centaur warrior
 16861 | D:9      | Killed a centaur warrior
 16861 | D:9      | Offered knowledge of Inner Flame by Vehumet.
 17074 | D:10     | Entered Level 10 of the Dungeon
 17077 | D:10     | Noticed a two-headed ogre
 17205 | D:9      | Found an ornate altar of the Wu Jian Council.
 17240 | D:9      | Noticed Pikel
 17254 | D:9      | Killed Pikel
 17410 | D:9      | Killed a two-headed ogre
 17411 | D:9      | Reached skill level 5 in Stealth
 17411 | D:9      | Reached XP level 11. HP: 86/86 MP: 14/22
 17482 | D:9      | Found a snail-covered altar of Cheibriados.
 17482 | D:9      | Found a blossoming altar of Fedhas.
 17484 | D:9      | Found an opulent altar of Gozag.
 17484 | D:9      | Found a stormy altar of Qazlal.
 17715 | D:9      | Identified the ring "Yfe Rah" {rN++ Will+}
 18064 | D:9      | Identified the +1 ring mail "Kihamn" {rCorr Dex+3}
 18095 | D:9      | Noticed a five-headed hydra
 18101 | D:9      | Killed a five-headed hydra
 18179 | D:9      | Noticed a two-headed ogre
 18183 | D:9      | Killed a two-headed ogre
 18183 | D:9      | Reached **** piety under Vehumet
 18269 | D:9      | Found a sparkling altar of Nemelex Xobeh.
 18379 | D:10     | Killed a two-headed ogre
 18721 | D:10     | Noticed a death yak
 18739 | D:10     | Killed a death yak
 18821 | D:10     | Offered knowledge of Lee's Rapid Deconstruction by Vehumet.
 19008 | D:10     | Noticed a death yak
 19012 | D:10     | Noticed a death yak
 19015 | D:10     | Killed a death yak
 19038 | D:10     | Killed a death yak
 19296 | D:10     | Found a staircase to the Lair.
 19333 | D:10     | Noticed Sonja
 19385 | D:10     | Killed Sonja
 19608 | D:10     | Got the Tome of Bewitching Snow
 19744 | Lair:1   | Entered Level 1 of the Lair of Beasts
 19757 | Lair:1   | Reached XP level 12. HP: 99/99 MP: 23/24
 20101 | Lair:1   | Found the +8 mithril axe "Arga" {speed, Will+}
 20622 | Lair:1   | Noticed a five-headed hydra
 20629 | Lair:1   | Killed a five-headed hydra
 20630 | Lair:1   | Reached skill level 5 in Fighting
 21253 | D:1      | Bought a book of the Earth for 440 gold pieces
 21262 | D:1      | Learned a level 5 spell: Bolt of Magma
 21424 | D:4      | Identified a scroll of acquirement
 21429 | D:4      | Acquired the amulet of the Tempest {RegenMP rElec rF+ rN+
                  | Slay+2}
 21797 | D:9      | Found a bloodstained altar of Trog.
 21950 | Lair:1   | Found a runed translucent gate.
 21950 | Lair:1   | Noticed a six-headed hydra
 21956 | Lair:1   | Killed a six-headed hydra
 21957 | Lair:1   | Reached skill level 1 in Fire Magic
 22040 | Lair:1   | Found a runed translucent gate.
 22040 | Lair:1   | Found a runed translucent gate.
 22042 | Lair:1   | Noticed a quicksilver ooze
 22044 | Lair:1   | Noticed Nebukadnezar's ghost (journeyman DgVM)
 22046 | Lair:1   | Found a viscous altar of Jiyva.
 22751 | Lair:2   | Noticed Harold
 22865 | Lair:2   | Killed Harold
 22912 | Lair:2   | Noticed a five-headed hydra
 23613 | Lair:2   | Killed a five-headed hydra
 24171 | Lair:3   | Gained mutation: You can use your snake-like lower body to
                  | constrict enemies. [Naga growth]
 24171 | Lair:3   | Reached XP level 13. HP: 87/111 MP: 23/26
 24263 | Lair:2   | Learned a level 4 spell: Fulminant Prism
 24292 | Lair:3   | Found a staircase to the Snake Pit.
 24307 | Lair:3   | Reached skill level 10 in Stealth
 24318 | Lair:3   | Reached skill level 1 in Hexes
 24936 | Lair:3   | Noticed Rupert
 25057 | D:11     | Reached ***** piety under Vehumet
 25128 | D:11     | Found Qubacei's Armour Shoppe.
 25138 | D:11     | Reached skill level 10 in Earth Magic
 25197 | D:11     | Bought a +1 pair of gloves of stealth for 231 gold pieces
 25203 | D:11     | Bought a +0 cloak for 63 gold pieces
 25247 | D:11     | Found Ibbaqi's Armour Shop.
 25282 | D:11     | Offered knowledge of Conjure Ball Lightning by Vehumet.
 25304 | D:11     | Found Pasaog's Assorted Antiques.
 25683 | D:11     | Found a staircase to the Orcish Mines.
 25992 | D:11     | Found Xajith's Distillery.
 26005 | D:11     | Bought a potion of curing for 39 gold pieces
 26260 | D:12     | HP: 4/114 [seven-headed hydra (3)]
 26260 | D:12     | Slain by a seven-headed hydra

Illustrated notes

Levels and vault maps discovered:
D:1:      co_arrival_hall_of_pillars, layout_loops_ring,
          chequers_ecumenical_altar_island, serial_shops, shop
D:2:      layout_basic
D:3:      layout_basic, roderic_batcave
D:4:      layout_gridville, minmay_temple_entry_mist, grunt_ministairs_14
D:5:      minmay_goblin_kobold_castle, layout_loops_cross, marbit_many_paths
D:6:      layout_rooms, minmay_fractal_squares_diagonal_5
D:7:      layout_layer_cave, kennysheep_little_box,
          gammafunk_temple_overflow_elements
D:8:      layout_loops_ring, ashenzari_altar_1, grunt_decor_junction,
          minivault_14
D:9:      minmay_the_grid_octo_2x2 [minmay_the_grid_octo_concentric,
          minmay_the_grid_octo_shrine, minmay_the_grid_octo_pinwheel,
          minmay_the_grid_octo_prize_ultimate_mussel_roller], layout_basic,
          trog_book, old_standard_altar, pdpol_wu_jian_five_deadly_venoms,
          uniq_psyche, uniq_pikel
D:10:     layout_irregular_city, dpeg_lair_monsters, uniq_sonja
D:11:     layout_rooms, erik_orc_4, serial_shops, nicolae_shop_statue_plus,
          nicolae_stop_n_shop_1, shop_fountains, nicolae_take_the_stairs
D:12:     hangedman_cross_cluster, layout_loops_ring, minmay_crystal_water,
          nicolae_stop_n_shop_1
Temple:   eino_temple_lava
Lair:1:   layout_chaotic_city, gammafunk_ghost_ooze, minmay_lair_oklob_items,
          minivault_11, beast_lair_carwin_6
Lair:2:   layout_cave_pods, uniq_harold
Lair:3:   layout_regular_city, guppyfry_snake_entry_island, uniq_rupert

Skill      XL: |  1  2  3  4  5  6  7  8  9 10 11 12 13 |
---------------+----------------------------------------+-----
Spellcasting   | 1 2 3 4 5 6 7 8 9 |  9.8
Earth Magic    | 1 2 3 4 5 6 7 8 9 10 | 10.0
Conjurations   | 2 4 5 6 7 8 |  8.9
Fighting       | 1 2 4 5 6 |  6.7
Shields        | 3 7 8 9 |  9.5
Stealth        | 5 7 9 10 | 10.0
Fire Magic     | 2 4 |  4.2
Hexes          | 3 |  3.1
Short Blades   | |  4.0
Dodging        | |  1.0
Transmutations | |  2.0
Air Magic      | |  1.0

Action                   |  1- 3 |  4- 6 |  7- 9 | 10-12 | 13-15 || total
-------------------------+-------+-------+-------+-------+-------++-------
Melee: Short sword       |    10 |       |       |       |       ||    10
       Dagger            |   102 |    79 |    34 |       |       ||   215
       Dire flail        |       |       |    81 |       |       ||    81
       Great sword       |       |       |     3 |       |       ||     3
       Long sword        |       |       |     9 |       |       ||     9
       Whip              |       |       |       |    77 |    19 ||    96
       Constrict         |       |       |       |       |     7 ||     7
Throw: Boomerang         |    42 |     6 |       |       |       ||    48
 Cast: Sandblast         |    10 |    17 |     2 |       |       ||    29
       Stone Arrow       |       |     8 |   151 |   250 |     2 ||   411
       Bolt of Magma     |       |       |       |    37 |    81 ||   118
       Fulminant Prism   |       |       |       |       |    23 ||    23
 Abil: Spit Poison       |    21 |    22 |    23 |     4 |     1 ||    71
Evoke: Wand              |       |       |       |     1 |     1 ||     2
  Use: Potion            |       |     1 |     1 |     2 |     4 ||     8
       Scroll            |       |       |       |    16 |     1 ||    17
 Stab: Sleeping          |     3 |     1 |       |       |       ||     4
Armor: Robe              |    27 |    24 |    74 |    13 |       ||   138
       Skin              |       |     6 |     4 |    15 |     1 ||    26
       Acid dragon scale |       |       |       |    14 |    29 ||    43
Dodge: Dodged            |    52 |    60 |   122 |    23 |    16 ||   273
Block: Tower shield      |       |       |    21 |   130 |    48 ||   199
